 Dungeon Crawl Stone Soup version 0.17-a0-2220-g6fea741 (webtiles) character file.

533 UristPineapples the Sneak (level 7, -4/75 HPs)
             Began as a Demonspawn Assassin on Oct 28, 2015.
             Was a Follower of Dithmenos.
             Slain by Menkaure (6 damage)
             ... in an ossuary.
             The game lasted 00:20:38 (4560 turns).

UristPineapples the Sneak (Demonspawn Assassin)     Turns: 4560, Time: 00:20:39

Health: -4/75      AC: 23    Str: 12    XL:     7   Next: 4%
Magic:  7/7        EV:  2    Int: 12    God:    Dithmenos [*.....]
Gold:   193        SH:  0    Dex: 16    Spells: 0 memorised, 6 levels left

rFire  . . .     SeeInvis .     z - +1 dagger (venom)
rCold  . . .     Clarity  .     (armour currently unavailable)
rNeg   + + +     SustAt   .     (no shield)
rPois  +         Gourm    .     (helmet currently unavailable)
rElec  .         Spirit   .     (cloak currently unavailable)
rCorr  .         Warding  .     (gloves currently unavailable)
rMut   .         NoTele   +     (boots currently unavailable)
MR     .....                    (no amulet)
Stlth  +++++++...               (no ring)
                                c - ring of flight

@: tree-form, wreathed by umbra, not resistant to hostile enchantments,
extremely stealthy
A: (thin metallic scales 0), nightstalker 1, powered by death 1
a: Renounce Religion


You were in an ossuary.
You worshipped Dithmenos.
Dithmenos was aware of your devotion.
You were near starving.
You were a tree.
You visited 2 branches of the dungeon, and saw 6 of its levels.
You also visited: Ossuary.

You collected 193 gold pieces.

Inventory:

Hand Weapons
 b - a +0 blowgun
 z - a +1 dagger of venom (weapon)
Missiles
 j - a curare-tipped needle
 p - 9 tomahawks of dispersal (quivered)
 y - 22 poisoned needles
 D - a throwing net
Armour
 d - a +0 cloak (melded)
 f - a +1 robe of positive energy (melded)
 A - a +2 helmet (melded)
 E - a +0 pair of gloves (melded)
Jewellery
 c - a ring of flight (left branch)
Wands
 a - a wand of enslavement (16)
 C - a wand of frost (14)
Scrolls
 q - 2 scrolls of immolation
 r - a scroll of recharging
Potions
 e - 3 potions of flight
 i - a potion of lignification
 u - a potion of poison
Comestibles
 g - 5 bread rations
 h - 2 slices of pizza
 t - a beef jerky


   Skills:
 - Level 2.0 Fighting
 + Level 4.5 Short Blades
 - Level 1.7 Throwing
 - Level 0.8 Dodging
 * Level 6.9 Stealth


You had 6 spell levels left.
You didn't know any spells.

Dungeon Overview and Level Annotations

Branches:
Dungeon (5/15)             Temple (1/1) D:4

Altars:
Ashenzari
Cheibriados
Dithmenos
Elyvilon
Fedhas
Gozag
Kikubaaqudgha
Makhleb
Nemelex Xobeh
Okawaru
Qazlal
Ru
Sif Muna
Trog
Vehumet
Xom
Yredelemnul
The Shining One

Annotations:
Ossuary Menkaure


Innate Abilities, Weirdness & Mutations

((You are mostly covered in thin metallic scales (AC +3).))
You are slightly more attuned to the shadows.
You regenerate a little health from kills.


Message History

Menkaure hits you!
* * * LOW HITPOINT WARNING * * *
Unknown command.
Read which item? (? for menu, Esc to quit)
As you read the scroll of fog, it crumbles to dust.
The scroll dissolves into smoke.
Menkaure hits you but does no damage.
You hit Menkaure.
Menkaure is severely damaged.
Menkaure hits you but does no damage.
Okay, then.
You hit Menkaure.
Menkaure is almost destroyed.
Menkaure hits you but does no damage.
You hit Menkaure but do no damage.
Menkaure is almost destroyed.
Menkaure barely misses you.
You hit Menkaure.
Menkaure is almost destroyed.
Menkaure hits you.
You die...

..##..##..####..##..##..##
.##..##..##..##..##..##..##
##..##..## ..!##..##..##..##
#..##..## !?.!##..##..##.^##
..##..## ∩∩?..##..##..##..##
.##..## .?....##..##..##..##
##..## ?..M..§##..##..##^.##
#..##############M§##..##..##..##
..............§§♣§§.##..##..##..#
#######################..##..##..
..........................##..##.
#############################..##
.......^...^^.....^^.^..^..^....#
#################################


You could see Menkaure.

Vanquished Creatures
  An ogre (D:4)
  A giant frog (D:4)
  A crimson imp (D:4)
  A worker ant (D:4)
  Jessica (D:2)
  Natasha (thrice) (D:2)
  2 mummies (Ossuary)
  Robin (D:2)
  4 gnolls (D:2)
  6 adders
  4 worms
  14 orcs
  2 gnoll zombies (Ossuary)
  8 hobgoblins
  4 jackals
  9 kobolds
  2 quokkas
  A ball python (D:3)
  3 bats
  3 giant cockroaches
  6 giant geckos
  5 giant newts
  4 gnoll skeletons (Ossuary)
  18 goblins
  5 goblin skeletons (Ossuary)
  A goblin zombie (Ossuary)
  3 hobgoblin skeletons (Ossuary)
  A hobgoblin zombie (Ossuary)
  3 kobold zombies (Ossuary)
  An orc skeleton (Ossuary)
  2 orc zombies (Ossuary)
  6 rats
  2 rat skeletons (Ossuary)
  3 rat zombies (Ossuary)
131 creatures vanquished.

Vanquished Creatures (others)
  A mummy (Ossuary)
  2 gnoll zombies (Ossuary)
  A goblin skeleton (Ossuary)
  3 goblin zombies (Ossuary)
  3 hobgoblin skeletons (Ossuary)
  2 hobgoblin zombies (Ossuary)
  A kobold skeleton (Ossuary)
  2 kobold zombies (Ossuary)
  3 orc skeletons (Ossuary)
  2 rat skeletons (Ossuary)
  4 rat zombies (Ossuary)
24 creatures vanquished.

Grand Total: 155 creatures vanquished

Notes
Turn   | Place    | Note
--------------------------------------------------------------
     0 | D:1      | UristPineapples the Demonspawn Assassin began the quest for the Orb.
     0 | D:1      | Reached XP level 1. HP: 16/16 MP: 1/1
   374 | D:1      | Gained mutation: You are partially covered in thin metallic scales (AC +2). [demonic ancestry]
   374 | D:1      | Reached XP level 2. HP: 8/22 MP: 2/2
   492 | D:1      | Reached skill level 4 in Stealth
  1086 | D:2      | Gained mutation: You are mostly covered in thin metallic scales (AC +3). [demonic ancestry]
  1086 | D:2      | Reached XP level 3. HP: 22/27 MP: 3/3
  1172 | D:2      | Noticed Jessica
  1320 | D:2      | Killed Jessica
  1323 | D:2      | Noticed Natasha
  1472 | D:2      | Killed Natasha
  1472 | D:2      | Gained mutation: You regenerate a little health from kills. [demonic ancestry]
  1472 | D:2      | Reached XP level 4. HP: 26/33 MP: 4/4
  1571 | D:2      | Noticed Natasha
  1581 | D:2      | Killed Natasha
  1695 | D:2      | Reached skill level 5 in Stealth
  1711 | D:2      | Reached XP level 5. HP: 38/38 MP: 5/5
  1847 | D:2      | Noticed Natasha
  1854 | D:2      | Killed Natasha
  1903 | D:2      | Found a deep blue altar of Sif Muna.
  1907 | D:2      | Noticed Robin
  1908 | D:2      | Found an ancient bone altar of Kikubaaqudgha.
  1934 | D:2      | Killed Robin
  2001 | D:2      | Found an opulent altar of Gozag.
  2303 | D:3      | Found a shattered altar of Ashenzari.
  2881 | D:4      | Found a basalt altar of Yredelemnul.
  2882 | D:4      | Reached skill level 6 in Stealth
  2882 | D:4      | Gained mutation: You are slightly more attuned to the shadows. [demonic ancestry]
  2882 | D:4      | Reached XP level 6. HP: 44/44 MP: 6/6
  3061 | D:4      | Noticed an ogre
  3118 | D:4      | Killed an ogre
  3278 | D:4      | Found a staircase to the Ecumenical Temple.
  3303 | Temple   | Entered the Ecumenical Temple
  3528 | Temple   | Became a worshipper of Dithmenos the Shadowed
  3870 | D:5      | Entered Level 5 of the Dungeon
  3882 | D:5      | Found an iron altar of Okawaru.
  3904 | D:5      | Found a sand-covered staircase.
  3909 | Ossuary  | Entered an ossuary
  4002 | Ossuary  | Reached * piety under Dithmenos
  4013 | Ossuary  | Reached XP level 7. HP: 50/50 MP: 7/7
  4500 | Ossuary  | Noticed Menkaure
  4555 | Ossuary  | HP: 1/75 [Menkaure (11)]
  4560 | Ossuary  | Slain by Menkaure

Vault maps used:
D:1:      nagdon_arrival_double_spiral, lemuel_flame_loot_1
D:2:      grunt_temple_overflow_open, first_bread, kennysheep_cross_bottleneck,
          uniq_jessica, uniq_robin, uniq_natasha
D:3:      hangedman_decor_points, nicolae_ashenzari_panopticon
D:4:      marbit_many_paths, minmay_temple_entry_grid
D:5:      enter_ossuary_2, serial_shops, shop, okawaru_gym_becter
Temple:   minmay_temple_curvy_14
Ossuary:  ossuary_due_pyramid

Action                   |  1- 3 |  4- 6 |  7- 9 || total
-------------------------+-------+-------+-------++-------
Melee: Dagger            |    95 |   229 |    92 ||   416
 Fire: Blowgun           |    13 |    53 |       ||    66
Throw: Tomahawk          |     1 |     1 |       ||     2
  Use: Scroll            |     4 |     4 |     3 ||    11
       Potion            |       |       |    14 ||    14
 Stab: Sleeping          |     2 |    15 |       ||    17
       Distracted        |       |     3 |     1 ||     4
  Eat: Chunk             |     1 |     9 |       ||    10
